 Dungeon Sprint DCSS version 0.31-a0-1591-g515db51633 (webtiles) character file.

Game seed: 1309463026239533425

114 Conn the Firebug (level 4, -1/40 HPs)
             Began as an Octopode Fire Elementalist on Jan 6, 2024.
             Succumbed to a scorpion's poison
             ... in the Dungeon (Sprint II: "The Violet Keep of Menkaure").
             The game lasted 00:00:52 (32 turns).

Conn the Firebug (Octopode Fire Elementalist)         Turns: 32, Time: 00:00:52

Health: -1/40      AC:  1    Str:  7    XL:     4   Next: 97%
Magic:  0/10       EV: 14    Int: 19    God:
Gold:   0          SH:  0    Dex: 12    Spells: 10/11 levels left

rFire   . . .        (no weapon)
rCold   . . .        (no shield)
rNeg    . . .        (helmet restricted)
rPois   .            (no amulet)
rElec   .            (no ring)
rCorr   .            (no ring)
SInv    .            (no ring)
Will    .....        (no ring) Stlth
                     (no ring)
HPRegen 0.26/turn    (no ring)
MPRegen 0.12/turn    (no ring)
                     (no ring)

%: no teleportation
@: berserking, lethally poisoned (-1 -> -9), hasted, very quick
A: almost no armour, amphibious, 8 rings, camouflage 1, gelatinous body 1,
(nimble swimmer 1), tentacles
a: no special abilities


You were in the Dungeon.
You visited 1 branch

Inventory:

Scrolls
 f - a scroll of blinking
Potions
 a - 3 potions of magic


   Skills:
 + Level 0.7 Fighting
 + Level 4.0 Dodging
 + Level 4.6 Stealth
 + Level 4.2 Spellcasting
 + Level 1.4 Conjurations
 + Level 7.4 Fire Magic


You had 10 spell levels left.
You knew the following spells:

 Your Spells              Type           Power      Damage    Failure   Level
a - Foxfire               Conj/Fire      80%        2x1d8     2%          1

Your spell library contained the following spells:

 Spells                   Type           Power      Damage    Failure   Level
 Scorch                   Fire           64%        2d7       1%          2
 Inner Flame              Hex/Fire       18%        N/A       9%          3
 Volatile Blastmotes      Fire/Tloc      36%        2d13      9%          3
 Flame Wave               Conj/Fire      20%        2d7       22%         4


Dungeon Overview and Level Annotations

Branches:
Dungeon (1/1)

Altars:


Innate Abilities, Weirdness & Mutations

You cannot wear most types of armour.
You are amphibious.
You can wear up to eight rings at the same time.
Your skin changes colour to match your surroundings (Stealth+).
Your rubbery body absorbs attacks. (AC +1, EV +1)
((You are camouflaged when in or above water. (Stealth+)))
You have tentacles for arms and can constrict up to eight enemies at once.


Message History

You feel sick.
Unknown command.
You tentacle-slap the scorpion but do no damage.
The scorpion is moderately wounded.
You constrict the scorpion. The scorpion stings you.
You are lethally poisoned!
The scorpion poisons you!
You tentacle-slap the scorpion but do no damage.
You squeeze the scorpion, but do no damage.
The scorpion is heavily wounded.
You constrict the scorpion, but do no damage.
You feel very sick. The scorpion stings you.
* * * LOW HITPOINT WARNING * * *
A red film seems to cover your vision as you go berserk!
You feel yourself moving faster!
You feel mighty!
You constrict the scorpion.
* * * LOW HITPOINT WARNING * * *
You feel sick. The scorpion barely misses you.
You barely miss the scorpion.
The scorpion is heavily wounded.
You constrict the scorpion, but do no damage.
* * * LOW HITPOINT WARNING * * *
You feel sick.
You barely miss the scorpion.
The scorpion is heavily wounded.
You constrict the scorpion.
* * * LOW HITPOINT WARNING * * *
You feel sick. The scorpion completely misses you.
You tentacle-slap the scorpion. You squeeze the scorpion.
You kill the scorpion!
* * * LOW HITPOINT WARNING * * *
You feel sick.
Your Dodging skill increases to level 4!
Your Spellcasting skill increases to level 4!
Your Fire Magic skill increases to level 7!
Unknown command.
Unknown command.
Unknown command.
There is a lethal amount of poison in your body!
You die...

# #+#
#..###.##
#$'†<@+
#..###.##
# #+#


There were no monsters in sight!

Vanquished Creatures
  2 scorpions (D)
2 creatures vanquished.

Vanquished Creatures (others)
  7 foxfires (D)
7 creatures vanquished.

Grand Total: 9 creatures vanquished

Notes
Turn   | Place    | Note
-------+----------+-------------------------------------------
     0 | D        | Conn the Octopode Fire Elementalist began the quest for the
                  | Orb.
     0 | D        | Reached XP level 1. HP: 11/11 MP: 3/3
     1 | D        | Noticed a scorpion
     1 | D        | Noticed a scorpion
    21 | D        | Killed a scorpion
    22 | D        | Reached skill level 6 in Fire Magic
    22 | D        | Reached XP level 2. HP: 4/17 MP: 0/6
    22 | D        | Reached XP level 3. HP: 5/21 MP: 0/8
    22 | D        | Reached XP level 4. HP: 6/27 MP: 0/9
    30 | D        | HP: 2/40 [poisoned by a scorpion]
    31 | D        | Killed a scorpion
    32 | D        | Reached skill level 7 in Fire Magic
    32 | D        | Succumbed to a scorpion's poison

Illustrated notes

Levels and vault maps discovered:
D:        the_violet_keep_of_menkaure [sprint2_stairs_cluster_1,
          sprint2_shoproom, sprint2_temple, sprint2_basic_supplies,
          sprint2_obstacle_4, sprint2_obstacle_3, sprint2_obstacle_6,
          sprint2_obstacle_1, sprint2_obstacle_7, sprint2_timed_cluster_1,
          sprint2_smallroom_cluster_1, sprint2_smallroom_final_cluster_1,
          sprint2_transparent_cluster_1, sprint2_second_timed_cluster_1,
          sprint2_sniper_area_1, sprint2_heavy_combat_area_1,
          sprint2_mutation_trap_area_1, sprint2_forest_area_1,
          sprint2_light_combat_area_1, sprint2_behind_water_1,
          sprint2_near_end_vault_1]

Skill      XL: |  1  2  3  4 |
---------------+-------------+-----
Dodging        | 3 4 |  4.0
Stealth        | 4 |  4.6
Spellcasting   | 3 4 |  4.2
Fire Magic     | 6 7 |  7.4
Fighting       | |  0.7
Conjurations   | |  1.4

Action                     |  1- 3 |  4- 6 || total
---------------------------+-------+-------++-------
  Melee: Unarmed           |    13 |     7 ||    20
         Tentacles         |     3 |     3 ||     6
         Constrict         |     1 |     1 ||     2
   Cast: Foxfire           |     4 |       ||     4
    Use: Potion            |     2 |     2 ||     4
 Armour: Skin              |     4 |     3 ||     7
  Dodge: Dodged            |    10 |     2 ||    12

Table legend: (Time is in decaauts)
 A = Elapsed time spent in this place.
 B = Non-inter-level travel time spent in this place.
 C = Inter-level travel time spent in this place.
 D = Time resting spent in this place.
 E = Time spent auto-exploring this place.
 F = Levels seen in this place.
 G = Mean time per level.
                   A        B        C        D        E       F      G
               +--------+--------+--------+--------+--------+-----+--------+
         Total |     24 |     24 |      0 |      0 |      0 |   1 |   24.0 |
       Dungeon |     24 |     24 |      0 |      0 |      0 |   1 |   24.0 |
               +--------+--------+--------+--------+--------+-----+--------+

Top non-repeatable levels by time:
       D: 24 daAuts
